 Dungeon Crawl Stone Soup version 0.25.1-9-gc5326a611f (webtiles) character file.

Game seed: 17395158296017766436

5708 theanonym the Fighter (level 10, -2/88 HPs)
             Began as a Mummy Enchanter on Sept 1, 2021.
             Was an Initiate of Gozag.
             Killed from afar by an electric eel (12 damage)
             ... with a bolt of electricity
             ... on level 8 of the Dungeon.
             The game lasted 00:18:06 (14600 turns).

theanonym the Fighter (Mummy Enchanter)            Turns: 14600, Time: 00:18:07

Health: -2/88      AC: 12    Str: 14    XL:     10   Next: 48%
Magic:  14/14      EV:  4    Int: 15    God:    Gozag
Gold:   529        SH:  0    Dex: 13    Spells: 13/14 levels left

rFire    x . .     SeeInvis .   a - +3 scimitar
rCold    + . .     Gourm    .   (no shield)
rNeg     + + +     Faith    .   p - +0 plate armour
rPois    ∞         Spirit   .   (no helmet)
rElec    .         Reflect  .   (no cloak)
rCorr    +         Harm     .   (no gloves)
MR       +....                  o - +0 pair of boots
Stlth    ..........             (no amulet)
HPRegen  0.24/turn              g - ring of resist corrosion
MPRegen  0.14/turn              c - ring of positive energy {rN+}

@: studying Short Blades
A: no food or potions, fire vulnerability, cold resistance 1, negative energy
resistance 3, torment resistance, unbreathing
a: Potion Petition, Call Merchant, Bribe Branch, Renounce Religion


Innate Abilities, Weirdness & Mutations

You do not eat or drink.
Your flesh is vulnerable to fire.
You are immune to poison.
Your flesh is cold resistant. (rC+)
You are immune to negative energy. (rN+++)
You are immune to unholy pain and torment.
You can survive without breathing.


   Skills:
 + Level 11.4 Fighting
 - Level 10.0(10.1) Short Blades
 * Level 2.2(6.7) Long Blades
 + Level 3.1 Armour
 - Level 1.5 Dodging
 - Level 2.4 Stealth
 - Level 2.6 Spellcasting
 - Level 2.6 Hexes


You had 13 spell levels left.
You knew the following spells:

 Your Spells              Type           Power        Failure   Level  Hunger
a - Corona                Hex            ##.....      100%        1    N/A

Your spell library contained the following spells:

 Spells                   Type           Power        Failure   Level  Hunger
 Animate Skeleton         Necr           N/A          100%        1    N/A
 Magic Dart               Conj           #...         100%        1    N/A
 Pain                     Necr           #...         100%        1    N/A
 Blink                    Tloc           N/A          100%        2    N/A
 Call Imp                 Summ           #.......     100%        2    N/A
 Ensorcelled Hibernation  Hex/Ice        #.....       100%        2    N/A
 Poisonous Vapours        Pois/Air       #.....       100%        2    N/A
 Slow                     Hex            ##......     100%        2    N/A
 Confusing Touch          Hex            ##......     100%        3    N/A
 Conjure Flame            Conj/Fire      #.......     100%        3    N/A
 Dazzling Flash           Conj/Hex       #.....       100%        3    N/A
 Mephitic Cloud           Conj/Pois/Air  #.......     100%        3    N/A
 Tukima's Dance           Hex            ##......     100%        3    N/A
 Vampiric Draining        Necr           #.........   100%        3    N/A
 Animate Dead             Necr           N/A          100%        4    N/A
 Agony                    Necr           #.......     100%        5    N/A
 Freezing Cloud           Conj/Ice/Air   #.........   100%        6    N/A
 Ring of Flames           Chrm/Fire      #.........   100%        7    N/A

Skill      XL: |  1  2  3  4  5  6  7  8  9 10 |
---------------+-------------------------------+-----
Short Blades   | 1 2 3 4 5 7 10 | 10.0
Fighting       | 1 2 3 4 5 7 11 | 11.4
Armour         | 2 3 |  3.1
Long Blades    | 2 |  2.2
Dodging        | |  1.5
Stealth        | |  2.4
Spellcasting   | |  2.6
Hexes          | |  2.6

Action                   |  1- 3 |  4- 6 |  7- 9 | 10-12 || total
-------------------------+-------+-------+-------+-------++-------
Melee: Dagger            |   115 |   252 |   570 |     9 ||   946
       Rapier            |       |       |    86 |    24 ||   110
       Scimitar          |       |       |       |   130 ||   130
Evoke: Wand              |       |       |    10 |     6 ||    16
  Use: Scroll            |       |     1 |    12 |       ||    13
 Stab: Sleeping          |     4 |       |       |       ||     4
       Distracted        |       |       |       |     1 ||     1
Armor: Leather armour    |    49 |       |       |       ||    49
       Robe              |     1 |       |       |       ||     1
       Scale mail        |       |    96 |    51 |       ||   147
       Plate armour      |       |       |   156 |    86 ||   242
Dodge: Dodged            |    79 |   115 |    97 |    20 ||   311
       Rpst.: Scimitar   |       |       |       |     3 ||     3

Inventory:

Hand Weapons
 a - a +3 scimitar (weapon)
 b - a +0 falchion of flaming
Missiles
 e - a throwing net (quivered)
Armour
 o - a +0 pair of boots (worn)
 p - a +0 plate armour (worn)
Jewellery
 c - a ring of positive energy (right hand) {rN+}
 g - a ring of resist corrosion (left hand)
Wands
 i - a wand of enslavement (11)
 q - a wand of random effects (2)
Scrolls
 d - a scroll of magic mapping {unknown}
 f - 3 scrolls of fog
 h - a scroll of fear
 j - 5 scrolls of enchant armour
 k - a scroll of amnesia
 l - 2 scrolls of enchant weapon
 n - 5 scrolls of remove curse
 s - a scroll of summoning
 t - 4 scrolls of teleportation
 u - 3 scrolls of immolation {unknown}
 B - a scroll of blinking
Books
 m - a manual of Short Blades


You were on level 8 of the Dungeon.
You worshipped Gozag.
Gozag was pleased with you.
You were not hungry.

You visited 1 branch of the dungeon, and saw 8 of its levels.

You collected 1046 gold pieces.
You spent 483 gold pieces at shops.
You paid 34 gold pieces to Gozag.

Dungeon Overview and Level Annotations

Branches:
Dungeon (8/15)             Temple (0/1) D:6
   Lair: D:8-11

Altars:
Cheibriados
Gozag
Nemelex Xobeh
Yredelemnul

Shops:
D:4 } D:6

*:!(? #.# #[(♣♣♣
♣♣≈♣♣♣♣♣♣ ###
#.###.(..♣♣♣P≈P♣
#.#...##..♣♣♣≈P♣
#.#.#####..♣♣≈P♣
#...######.♣P.P♣###
##......##........##
#....).#######....##
#.##...$...........#
#.##.......)..@..#!#
#.##.PP≈≈...≈;P≈.# #
#.##.P≈≈P≈P.≈≈≈P.#
#[##.≈≈≈≈P≈≈P≈≈≈.#
#. #!≈≈≈≈≈PP≈≈≈≈$#
#.P≈≈P≈≈≈≈≈≈P.#
..≈≈≈≈≈≈≈≈≈≈≈..#
♣≈P≈≈≈≈≈≈≈≈≈♣.#


You could see an electric eel.

Notes
Turn   | Place    | Note
-------+----------+-------------------------------------------
     0 | D:1      | theanonym the Mummy Enchanter began the quest for the Orb.
     0 | D:1      | Reached XP level 1. HP: 13/13 MP: 4/4
   220 | D:1      | Reached skill level 1 in Short Blades
   360 | D:1      | Reached XP level 2. HP: 20/20 MP: 5/5
   455 | D:1      | Reached skill level 1 in Fighting
   700 | D:1      | Reached skill level 2 in Short Blades
   999 | D:1      | Reached XP level 3. HP: 26/26 MP: 7/7
  1769 | D:2      | Found a snail-covered altar of Cheibriados.
  1778 | D:2      | Reached XP level 4. HP: 32/33 MP: 8/8
  2198 | D:3      | Reached skill level 2 in Fighting
  2351 | D:3      | Found an opulent altar of Gozag.
  2366 | D:3      | Reached skill level 3 in Short Blades
  2502 | D:3      | Reached XP level 5. HP: 37/39 MP: 9/9
  2550 | D:3      | HP: 15/39 [bullfrog skeleton (5)]
  2566 | D:3      | HP: 12/39 [bullfrog skeleton (1)]
  3583 | D:4      | Noticed an ogre
  3638 | D:4      | Found a sparkling altar of Nemelex Xobeh.
  3697 | D:4      | Reached skill level 3 in Fighting
  3869 | D:4      | Reached skill level 4 in Short Blades
  3984 | D:4      | Found Toazxemi's Gadget Boutique.
  4000 | D:3      | HP: 17/41 [ogre/+0 giant club (24)]
  4014 | D:3      | HP: 17/41 [giant cockroach (1)]
  4045 | D:3      | HP: 20/41 [giant cockroach (1)]
  4402 | D:4      | Noticed Eustachio
  4429 | D:4      | Killed Eustachio
  4429 | D:4      | Reached XP level 6. HP: 31/47 MP: 10/10
  5107 | D:4      | Reached skill level 5 in Short Blades
  5188 | D:4      | Reached skill level 4 in Fighting
  5188 | D:4      | Reached XP level 7. HP: 42/54 MP: 11/11
  6044 | D:3      | Became a worshipper of Gozag Ym Sagoz the Greedy
  6130 | D:3      | Found an opulent altar of Gozag.
  6160 | D:3      | Reached skill level 6 in Short Blades
  6605 | D:5      | Entered Level 5 of the Dungeon
  6862 | D:5      | Noticed Blork the orc
  6887 | D:5      | Killed Blork the orc
  6887 | D:5      | Reached skill level 5 in Fighting
  6887 | D:5      | Reached skill level 7 in Short Blades
  7075 | D:5      | Noticed Dowan
  7075 | D:5      | Noticed Duvessa
  7104 | D:5      | Killed Dowan
  7104 | D:5      | Reached XP level 8. HP: 62/62 MP: 12/12
  7135 | D:5      | HP: 25/62 [Duvessa/+0 short sword (7)]
  7159 | D:5      | Killed Duvessa
  7159 | D:5      | Reached skill level 8 in Short Blades
  8005 | D:5      | Found a basalt altar of Yredelemnul.
  8244 | D:5      | Found a basalt altar of Yredelemnul.
  8496 | D:6      | Found Urefa's Distillery.
  8560 | D:6      | Noticed Edmund
  8578 | D:6      | HP: 22/64 [ogre/+0 giant spiked club (15)]
  8585 | D:6      | HP: 21/64 [Edmund/+0 flail of holy wrath (2)]
  8589 | D:6      | HP: 4/64 [Edmund/+0 flail of holy wrath (8)]
  8593 | D:6      | Killed Edmund
  8593 | D:6      | Reached skill level 6 in Fighting
  8593 | D:6      | Reached skill level 9 in Short Blades
  9022 | D:6      | HP: 30/64 [wight/+0 great sword (5)]
  9047 | D:6      | HP: 30/65 [worker ant (2)]
  9435 | D:6      | Noticed Pikel
  9461 | D:6      | HP: 30/65 [Pikel/+2 whip of freezing (7)]
  9467 | D:6      | HP: 23/65 [Pikel/+2 whip of freezing (7)]
  9469 | D:6      | Killed Pikel
  9469 | D:6      | Reached skill level 7 in Fighting
  9469 | D:6      | Reached skill level 10 in Short Blades
  9469 | D:6      | Reached XP level 9. HP: 26/72 MP: 13/13
  9693 | D:6      | Found Wuuriupha's Assorted Antiques.
  9701 | D:6      | Bought 3 scrolls labeled DODUORPH QOUB for 87 gold pieces
  9701 | D:6      | Bought a scroll of identify for 58 gold pieces
  9701 | D:6      | Bought a scroll labeled ZUSARI JAKH for 29 gold pieces
  9701 | D:6      | Bought a scroll of identify for 58 gold pieces
  9751 | D:6      | Found Lelemm Bagh's Book Boutique.
  9999 | D:6      | Found Tixown's Weapon Shop.
 10018 | D:6      | Found a staircase to the Ecumenical Temple.
 10047 | D:6      | Found Uqotyic's Magic Scroll Shop.
 10052 | D:6      | Bought a scroll of summoning for 104 gold pieces
 10052 | D:6      | Bought a scroll of identify for 22 gold pieces
 10052 | D:6      | Bought a scroll of identify for 22 gold pieces
 10052 | D:6      | Bought a scroll of identify for 22 gold pieces
 10062 | D:6      | Noticed Prince Ribbit
 10084 | D:6      | Killed Prince Ribbit
 10084 | D:6      | Reached skill level 8 in Fighting
 10705 | D:7      | Noticed Joseph
 10720 | D:7      | HP: 29/75 [Joseph/+6 antimagic quarterstaff (15)]
 10723 | D:7      | HP: 13/75 [acid (6)]
 10738 | D:7      | Killed Joseph
 10738 | D:7      | Reached skill level 9 in Fighting
 10742 | D:7      | HP: 16/77 [orc/+0 club (1)]
 11024 | D:7      | Noticed a troll
 11044 | D:6      | HP: 34/77 [troll (7)]
 11049 | D:6      | Killed a troll
 11284 | D:7      | Noticed Harold
 11441 | D:7      | Reached skill level 10 in Fighting
 11696 | D:7      | HP: 31/79 [ogre/+0 giant club (18)]
 11941 | D:7      | HP: 29/79 [Harold/+0 glaive (14)]
 11951 | D:7      | HP: 22/79 [Harold/+0 glaive (3)]
 12409 | D:7      | HP: 36/79 [iguana (9)]
 12414 | D:7      | HP: 35/79 [hippogriff (1)]
 12419 | D:7      | HP: 23/79 [iguana (5)]
 12425 | D:7      | HP: 14/79 [iguana (6)]
 12967 | D:7      | Killed Harold
 12967 | D:7      | Reached skill level 11 in Fighting
 12967 | D:7      | Reached skill level 2 in Armour
 12967 | D:7      | Reached XP level 10. HP: 64/87 MP: 14/14
 13567 | D:8      | Reached skill level 1 in Long Blades
 14012 | D:8      | Reached skill level 3 in Armour
 14021 | D:8      | Reached skill level 2 in Long Blades
 14239 | D:6      | Bought a +0 falchion of flaming for 81 gold pieces
 14356 | D:8      | HP: 40/88 [sky beast (5)]
 14596 | D:8      | HP: 40/88 [electric eel/bolt of electricity (8)]
 14599 | D:8      | HP: 10/88 [electric eel/bolt of electricity (11)]
 14600 | D:8      | Killed from afar by an electric eel

Vanquished Creatures
  Harold (D:7)
  Pikel (D:6)
  Joseph (D:7)
  A troll (D:6)
  A hippogriff (D:7)
  Prince Ribbit (D:6)
  Eustachio (D:4)
  Edmund (D:6)
  Duvessa (D:5)
  A water moccasin (D:7)
  2 sky beasts
  An ice beast (D:8)
  3 slaves (D:6)
  A black bear (D:8)
  5 ogres
  A centaur (D:5)
  2 big kobolds
  Blork the orc (D:5)
  2 bullfrogs
  A scorpion (D:5)
  Dowan (D:5)
  A killer bee (D:4)
  7 wights
  2 howler monkeys
  4 electric eels (D:8)
  4 crimson imps
  A jelly (D:7)
  3 hounds
  A centaur skeleton (D:5)
  2 orc priests
  4 bullfrog skeletons
  6 orc wizards
  4 iguanas
  13 worker ants
  A hound zombie (D:8)
  10 adders
  A shadow imp (D:6)
  2 oozes
  An adder zombie (D:5)
  An adder skeleton (D:4)
  4 worms
  3 dart slugs
  5 leopard geckos
  26 orcs
  15 bats
  5 giant cockroaches
  5 hobgoblins
  6 jackals
  18 kobolds
  5 quokkas
  3 frilled lizards
  5 goblins
  A leopard gecko skeleton (D:5)
  A quokka skeleton (D:5)
  7 rats
207 creatures vanquished.

Vanquished Creatures (others)
  3 plants (D:8)
3 creatures vanquished.

Grand Total: 210 creatures vanquished

Table legend:
 A = Turns spent in this place as a percentage of turns spent in the entire game.
 B = Non-inter-level travel turns spent in this place as a percentage of non-inter-level travel turns spent in the entire game.
 C = Inter-level travel turns spent in this place as a percentage of turns spent in this place.
 D = Turns resting spent in this place as a percentage of non-inter-level travel turns spent in this place.
 E = Turns spent auto-exploring this place as a percentage of non-inter-level travel turns spent in this place.
 F = Non-inter-level travel turns spent in this place divided by the number of levels of this place that you've seen.
                   A       B       C       D       E      F
               +-------+-------+-------+-------+-------+----------------------
         Total | 100.0 | 100.0 |   6.0 |  43.4 |  40.2 | 1715.0
       Dungeon | 100.0 | 100.0 |   6.0 |  43.4 |  40.2 | 1715.0
               +-------+-------+-------+-------+-------+----------------------
